Map: 16-Bit LE

Players

BobbyAwesome - Winner!

  • Race: Protoss Protoss
  • League: Diamond
  • Spawn Location: 1:00

BoomTT

  • Race: Terran Terran
  • League: Diamond
  • Spawn Location: 7:00

VOD

Have the link to the VOD?

Description

Time

  • Played on: May 18, 2018, 2:24 a.m.
  • Length: 7:49
Show
View Real Time Build Order
Export as new Build Order

BobbyAwesome Protoss - Winner!

Build Orders:  

Get SALT Encoding   

  12  0:01  Probe  
  13  0:14  Pylon  
  13  0:20  Assimilator  
  13  0:35  Gateway  
  13  0:37  Probe  
  14  0:45  Probe  
  15  0:53  Probe  
  16  1:05  Probe  
  16  1:07  Gateway  
  17  1:17  Probe  
  18  1:22  Cybernetics Core  
  18  1:29  Zealot  
  21  1:32  Probe  
  21  1:40  Pylon  
  21  1:44  Probe  
  22  1:57  Probe  
  22  1:58  Stalker x2  
  22  1:59  Warp Gate  
  27  2:24  Assimilator  
  27  2:25  Zealot  
  27  2:29  Zealot  
  31  2:50  Pylon  
  31  2:52  Twilight Council  
  31  3:08  Probe  
  32  3:21  Probe  
  32  3:23  Zealot x2  
  37  3:33  Probe  
  34  4:01  Charge  
  32  4:16  Pylon  
  30  4:22  Gateway  
  30  4:24  Gateway  
  30  4:26  Pylon  
  30  4:31  Gateway  
  30  4:32  Sentry x2  
  34  4:40  Robotics Facility  
  32  4:58  Gateway  
  32  5:01  Zealot  
  32  5:02  Zealot  
  36  5:16  Warp Prism  
  36  5:22  Zealot x4  
  46  5:40  Sentry  
  48  5:49  Zealot x2  
  52  5:50  Zealot  
  52  5:56  Pylon  
  54  6:25  Zealot x4  
  60  6:33  Stalker  
  60  6:45  Stalker x2  
  50  7:13  Sentry x3  
  50  7:14  Sentry x3  
Show
View Real Time Build Order
Export as new Build Order

BoomTT Terran 

Build Orders: MMM Bio 

Get SALT Encoding   

  12  0:02  SCV  
  13  0:14  SCV  
  14  0:24  Supply Depot  
  14  0:27  SCV  
  15  0:46  SCV  
  15  0:49  Barracks  
  16  0:58  SCV  
  16  1:04  Refinery  
  17  1:10  SCV  
  18  1:24  SCV  
  19  1:38  Orbital Command  
  19  1:42  Barracks Tech Lab  
  19  1:47  Command Center  
  19  1:54  Barracks  
  19  2:01  Marine  
  20  2:06  Supply Depot  
  20  2:12  Refinery  
  20  2:16  SCV  
  21  2:23  Stimpack  
  21  2:31  Marauder  
  21  2:33  SCV  
  24  2:42  Barracks Reactor  
  24  2:50  Barracks  
  23  2:51  SCV  
  23  3:10  SCV, Marauder  
  26  3:15  SCV  
  26  3:19  Marine x2  
  26  3:22  SCV  
  26  3:28  SCV  
  25  3:35  SCV  
  25  3:40  Marine  
  25  3:41  Marauder  
  15  4:06  SCV  
  14  4:11  Marine x2  
  16  4:20  Marauder  
  18  4:26  Barracks Tech Lab  
  18  4:35  SCV  
  19  4:39  Orbital Command  
  19  4:50  Marauder  
  20  4:53  Marine x2  
  20  4:58  SCV  
  23  5:05  SCV  
  24  5:13  Factory  
  24  5:18  Concussive Shells  
  24  5:19  SCV  
  25  5:21  SCV  
  26  5:31  Combat Shields  
  26  5:33  SCV  
  26  5:34  SCV  
  28  5:42  Engineering Bay  
  28  5:49  Marine x3  
  31  5:50  SCV  
  31  5:51  SCV  
  33  5:58  Widow Mine  
  33  6:03  Starport  
  35  6:07  SCV  
  35  6:08  SCV  
  30  6:24  Marine  
  30  6:25  Marine x2, Marauder  
  24  6:42  Marine x3  
  24  6:46  Marine  
  27  7:00  Marine  
  16  7:09  Marine x2  
  16  7:10  Marine  
Tags
 
Add a new tag
Caveats
  • Supply blocks, unpowered buildings, or Contaminate may cause inaccurate times.
  • Supply counts are checked every 10 seconds.